 Dungeon Crawl Stone Soup version 0.26.1-11-gd32895ea62 (webtiles) character file.

Game seed: 15410299831494574437

249 ubername the Chiller (level 6, -3/43 HPs)
             Began as a Barachi Ice Elementalist on July 12, 2021.
             Was an Initiate of Vehumet.
             Slain by an iguana (6 damage)
             ... on level 4 of the Dungeon.
             The game lasted 00:07:40 (3886 turns).

ubername the Chiller (Barachi Ice Elementalist)     Turns: 3886, Time: 00:07:41

Health: -3/43      AC:  3    Str: 10    XL:     6   Next: 12%
Magic:  7/11       EV: 13    Int: 17    God:    Vehumet [......]
Gold:   118        SH:  0    Dex: 12    Spells: 5/12 levels left

rFire    + . .     SeeInvis .   h - +2 dagger (freeze)
rCold    . . .     Faith    .   (no shield)
rNeg     . . .     Spirit   .   m - +1 robe {rF+}
rPois    .         Reflect  .   (no helmet)
rElec    .         Harm     .   (no cloak)
rCorr    .         Rampage  .   (no gloves)
Will     .....                  (no boots)
Stlth    ++........             (no amulet)
HPRegen  0.14/turn              (no ring)
MPRegen  0.12/turn              (no ring)

@: slow
A: +LOS, swims, slowness 1, strong legs 1
a: Hop, Renounce Religion


You were on level 4 of the Dungeon.
You worshipped Vehumet.
Vehumet was noncommittal.
You visited 1 branch of the dungeon, and saw 4 of its levels.

You collected 118 gold pieces.

Inventory:

Hand Weapons
 b - a +0 dagger of venom
 c - a +0 mace
 g - a +0 short sword
 h - a +2 dagger of freezing (weapon)
Missiles
 d - 15 poisoned darts (quivered)
Armour
 m - a +1 robe of fire resistance (worn)
Scrolls
 f - 2 scrolls of identify
 j - a scroll of magic mapping {unknown}
 k - a scroll of teleportation
Potions
 e - a potion of invisibility {unknown}
 i - a potion of attraction {unknown}
 l - 3 potions of curing {unknown}


   Skills:
 + Level 1.0 Fighting
 + Level 1.2 Short Blades
 + Level 0.2 Maces & Flails
 + Level 2.0 Throwing
 + Level 2.7 Dodging
 + Level 2.1 Stealth
 * Level 3.9 Spellcasting
 + Level 6.2 Ice Magic


You had 5 spell levels left.
You knew the following spells:

 Your Spells              Type           Power        Failure   Level
a - Freeze                Ice            96%          1%          1
b - Frozen Ramparts       Ice            48%          3%          3
c - Ozocubu's Armour      Ice            24%          3%          3

Your spell library contained the following spells:

 Spells                   Type           Power        Failure   Level
 Hailstorm                Conj/Ice       13%          41%         4
 Summon Ice Beast         Ice/Summ       13%          41%         4


Dungeon Overview and Level Annotations

Branches:
Dungeon (4/15)
 Temple: D:4-7

Altars:
Ashenzari
Cheibriados
Fedhas
Gozag
Hepliaklqana
Nemelex Xobeh
Vehumet
Wu Jian
Zin

Shops:
D:4 (

Annotations:
D:4 Grinder


Innate Abilities, Weirdness & Mutations

You can be seen from farther away. (+LOS)
You can swim through water.
You cover ground slowly.
You can hop short distances.


Message History

Your surroundings suddenly seem different.
Your icy armour cracks and falls away as you move.
An iguana comes into view.
Found a mace.
The iguana hisses angrily.
Found 11 gold pieces.
You see here a mace.
A frilled lizard comes into view.
Found 10 gold pieces.
Found a stone staircase leading up.
The frilled lizard hisses angrily.
The iguana barely misses you.
You hit the frilled lizard. You freeze the frilled lizard.
You kill the frilled lizard!
Vehumet accepts your kill. The iguana bites you!
* * * LOW HITPOINT WARNING * * *
The iguana closely misses you.
There is a stone staircase leading up here.
The iguana bites you.
You die...

+.... ........ ##....
##......$ #.... #.......
#.... #.....# # #.#..
.....# #
#.#.#.########....#.##
##.....................
+......................
####$#@l.†.#.).........
....................(....
.#####.#............>....
#.#####............. #
#.............
...............
................
#................
#................


You could see an iguana.

Vanquished Creatures
  An ogre (D:3)
  Jessica (D:3)
  5 adders
  4 worms
  A dart slug (D:1)
  A leopard gecko (D:3)
  5 orcs (D:3)
  8 giant cockroaches
  11 hobgoblins
  A quokka (D:2)
  A ball python (D:3)
  9 bats
  4 frilled lizards
  9 goblins
  A jackal skeleton (D:4)
  A jackal zombie (D:2)
  9 kobolds
  7 rats
79 creatures vanquished.

Vanquished Creatures (others)
  An orc priest (D:3)
  2 orcs (D:3)
3 creatures vanquished.

Grand Total: 82 creatures vanquished

Notes
Turn   | Place    | Note
-------+----------+-------------------------------------------
     0 | D:1      | ubername the Barachi Ice Elementalist began the quest for
                  | the Orb.
     0 | D:1      | Reached XP level 1. HP: 13/13 MP: 3/3
    28 | D:1      | Reached skill level 5 in Ice Magic
   168 | D:1      | Reached XP level 2. HP: 19/19 MP: 5/5
   784 | D:1      | Reached XP level 3. HP: 24/24 MP: 6/6
   788 | D:1      | Learned a level 3 spell: Frozen Ramparts
   792 | D:1      | Learned a level 3 spell: Ozocubu's Armour
  1090 | D:2      | Found a broken altar of Ashenzari.
  1162 | D:2      | Found a sparkling altar of Nemelex Xobeh.
  1251 | D:2      | Found a glowing silver altar of Zin.
  1553 | D:2      | Reached skill level 1 in Throwing
  1627 | D:2      | Reached XP level 4. HP: 6/31 MP: 5/8
  1884 | D:2      | Found an opulent altar of Gozag.
  1969 | D:2      | Found a snail-covered altar of Cheibriados.
  2556 | D:3      | Found an ornate altar of the Wu Jian Council.
  2654 | D:3      | Noticed an ogre
  2663 | D:3      | Killed an ogre
  2664 | D:3      | Reached XP level 5. HP: 35/36 MP: 2/10
  2665 | D:3      | Reached skill level 6 in Ice Magic
  2684 | D:3      | Reached skill level 1 in Short Blades
  3024 | D:3      | Found a radiant altar of Vehumet.
  3032 | D:3      | Reached skill level 1 in Fighting
  3064 | D:3      | Became a worshipper of Vehumet
  3248 | D:3      | Found a blossoming altar of Fedhas.
  3360 | D:3      | Noticed Jessica
  3363 | D:3      | Killed Jessica
  3364 | D:3      | Reached XP level 6. HP: 43/43 MP: 4/11
  3673 | D:3      | Found a hazy altar of Hepliaklqana.
  3838 | D:4      | Found Fyamib's Antique Weapon Emporium.
  3853 | D:4      | Noticed Grinder
  3886 | D:4      | Slain by an iguana

Illustrated notes

Levels and vault maps discovered:
D:1:      roderic_crossed_star, layout_loops_ring, hangedman_decor_peaks_small
D:2:      layout_loops_ring, lemuel_round_altar, cheibriados_altar_1,
          nicolae_overflow_hidden_temple, ashenzari_altar_1,
          serial_co_window_serial, co_window_of_opportunity_a,
          co_window_corner_a, co_window_paths_a, co_window_corner_a,
          co_window_cross_1, co_window_of_opportunity_c, co_window_2corner,
          co_window_broadway_b, co_window_corner_b, co_window_4corner_b,
          co_window_paths_d, glass_columns_b, glass_columns_b, glass_columns_c,
          glass_columns_b, glass_columns_b, nemelex_xobeh_ov_fountains_minmay
D:3:      minmay_chambers_of_threes, layout_basic, old_standard_altar,
          fiery_altar_vehumet, general_overflow_altar,
          lemuel_coloured_pillars_altar, chequers_serial_rivers_marsh,
          uniq_jessica
D:4:      layout_basic, serial_shops, kennysheep_mini_moat, uniq_grinder,
          uniq_sigmund

Skill      XL: |  1  2  3  4  5 |
---------------+----------------+-----
Ice Magic      | 5 6 |  6.2
Throwing       | 1 2 |  2.0
Stealth        | 2 |  2.1
Spellcasting   | 3 |  3.9
Short Blades   | 1 |  1.2
Fighting       | 1 |  1.0
Maces & Flails | |  0.2
Dodging        | |  2.7

Action                   |  1- 3 |  4- 6 || total
-------------------------+-------+-------++-------
Melee: Mace              |    13 |       ||    13
       Dagger            |    43 |    47 ||    90
       Short sword       |     7 |       ||     7
Throw: Dart              |    29 |    29 ||    58
 Cast: Freeze            |     8 |     2 ||    10
       Frozen Ramparts   |     2 |    16 ||    18
       Ozocubu's Armour  |     1 |     6 ||     7
  Use: Scroll            |     4 |     2 ||     6
       Potion            |       |     1 ||     1
Armor: Robe              |    16 |    25 ||    41
Dodge: Dodged            |    52 |    48 ||   100
